 Dungeon Crawl Stone Soup version 0.30.0-15-g856e2d3f33 (webtiles) character file.

Game seed: 15595375216668450370

720 Twinkles the Sneak (level 7, -1/54 HPs)
             Began as a Vampire Warper on May 19, 2023.
             Was a Believer of Wu Jian.
             Slain by a two-headed ogre
             ... wielding a +0 giant club
              (29 damage)
             ... on level 6 of the Dungeon.
             The game lasted 00:10:59 (3738 turns).

Twinkles the Sneak (Vampire Warper)                 Turns: 3738, Time: 00:11:00

Health: -1/54      AC:  4    Str: 10    XL:     7   Next: 42%
Magic:  9/10       EV: 13    Int: 16    God:    Wu Jian [**....]
Gold:   243        SH:  0    Dex: 15    Spells: 6/10 levels left

rFire   . . .        a - +1 dagger (venom)
rCold   . . .        (no shield)
rNeg    . . .        t - +0 leather armour
rPois   .            (no helmet)
rElec   .            (no cloak)
rCorr   .            h - +0 pair of gloves
SInv    +            (no boots)
Will    .....        o - amulet of the acrobat
Stlth   +++          (no ring)
HPRegen 0.49/turn    (no ring)
MPRegen 0.12/turn

%: acrobat
@: healing quickly, studying Polearms
A: alive, fangs 3, see invisible, vampiric 2
a: Exsanguinate, Renounce Religion, Wall Jump


You were on level 6 of the Dungeon.
You worshipped Wu Jian.
Wu Jian was pleased with you.
You visited 1 branch of the dungeon, and saw 6 of its levels.

You collected 243 gold pieces.

Inventory:

Hand Weapons
 a - a +1 dagger of venom (weapon)
 b - a +0 sling
 l - a +0 short sword
 n - a +0 rapier
Missiles
 d - 3 boomerangs of dispersal
 w - 3 atropa-tipped darts (quivered)
Armour
 h - a +0 pair of gloves (worn)
 k - an orb of light
 t - a +0 leather armour (worn)
Jewellery
 o - an amulet of the acrobat (around neck)
Wands
 e - a wand of charming (3)
 q - a wand of flame (38)
Scrolls
 c - a scroll of magic mapping {unknown}
 f - a scroll of enchant weapon {unknown}
 g - 6 scrolls of identify {unknown}
 i - 3 scrolls of amnesia
 u - 2 scrolls of fear {unknown}
 D - a scroll of blinking
 Y - 4 scrolls of teleportation
Potions
 j - a potion of haste {unknown}
 m - 3 potions of curing {unknown}
 p - 3 potions of brilliance {unknown}
 r - a potion of mutation {unknown}
 s - a potion of flight {unknown}
 v - a potion of might {unknown}
 x - a potion of attraction {unknown}
 z - a potion of resistance {unknown}


   Skills:
 + Level 4.1 Fighting
 + Level 5.0 Short Blades
 - Level 0.7 Throwing
 - Level 0.7 Armour
 + Level 5.0 Dodging
 + Level 5.9 Stealth
 - Level 2.0 Spellcasting
 - Level 2.4 Translocations


You had 6 spell levels left.
You knew the following spells:

 Your Spells              Type           Power      Damage    Failure   Level
a - Blink                 Tloc           18%        N/A       16%         2
b - Lesser Beckoning      Tloc           18%        N/A       16%         2

Your spell library contained the following spells:

 Spells                   Type           Power      Damage    Failure   Level
 Kiss of Death            Conj/Necr      4%         2d5       28%         1
 Gell's Gravitas          Tloc           9%         N/A       32%         3
 Teleport Other           Tloc           9%         N/A       32%         3
 Cigotuvi's Dreadful Rot  Necr/Pois/Air  2%         N/A       38%         2
 Vhi's Electric Charge    Tloc/Air       10%        N/A       45%         3
 Manifold Assault         Tloc           9%         N/A       71%         4
 Animate Dead             Necr           1%         N/A       95%         4
 Dispel Undead            Necr           1%         3d6       95%         4


Dungeon Overview and Level Annotations

Branches:
Dungeon (6/15) Zot: 26839
 Temple: D:4-7

Altars:
Fedhas
Sif Muna
Uskayaw
Wu Jian

Shops:
D:2 (   D:4 *

Annotations:
D:5 3 runed translucent doors, Fractals's ghost, novice DsNe


Innate Abilities, Weirdness & Mutations

Your natural rate of healing is accelerated.
You have razor-sharp teeth.
You have supernaturally acute eyesight. (SInv)
You are afflicted with vampirism and can become a bat while bloodless.


Message History

The two-headed ogre hits you with a +0 giant club!!
Ouch! That really hurt!
The two-headed ogre closely misses you.
Cast which spell? (? or * to list)
Okay, then.
Unknown command.
Cast which spell? (? or * to list)
You blink.
You feel stable enough to blink again.
Throw: 4 darts (atropa)
Press: ? - help, Q - select action, (/) - cycle Shift-Dir - straight line, f/p - two-headed ogre
Aim: a two-headed ogre, wielding a +0 giant club and a +0 giant spiked club (moderately wounded, very poisoned, 75% to hit, chance to blind on hit: 3%)
You throw an atropa-tipped dart.
The atropa-tipped dart hits the two-headed ogre.
The two-headed ogre resists.
The two-headed ogre is moderately wounded.
Throw: 3 darts (atropa)
Press: ? - help, Q - select action, (/) - cycle Shift-Dir - straight line, f/p - two-headed ogre
Aim: a two-headed ogre, wielding a +0 giant club and a +0 giant spiked club (moderately wounded, very poisoned, 75% to hit, chance to blind on hit: 3%)
Okay, then.
Unknown command.
Unknown command.
You lunge at the sky beast, in a flurry of attacks.
You closely miss the sky beast. You hit the sky beast.
The sky beast is poisoned.
The sky beast is lightly wounded.
The sky beast closely misses you.
You hit the sky beast.
The sky beast is lightly wounded.
The sky beast flickers out of sight for a moment.
The sky beast barely misses you.
You hit the sky beast.
The sky beast is lightly wounded.
You lunge at the two-headed ogre.
You hit the two-headed ogre.
The two-headed ogre looks as sick as possible!
The two-headed ogre is heavily wounded.
The two-headed ogre closely misses you.
The two-headed ogre hits you with a +0 giant spiked club!!
Ouch! That really hurt!
You die...

##.# .Y# . #.# ..... #.#
#..#. #.# #... #.# #..#
#.# #.. #.#
###..######### #.#
#.....Y@O....#######)#
.......#######(((......#
.##.### ########### .. #


You could see a two-headed ogre (extremely poisoned) and a sky beast (invisible,
very poisoned).

Vanquished Creatures
  2 black bears
  3 scorpions
  A hound (D:5)
  An orc priest (D:4)
  An iguana (D:5)
  A sleepcap (D:4)
  2 orc wizards
  3 gnolls (D:5)
  6 adders
  A shadow imp (D:5)
  A white imp (D:3)
  A worm (D:1)
  6 dart slugs
  9 orcs
  5 endoplasms
  2 giant cockroaches
  3 hobgoblins (D:3)
  7 kobolds
  3 quokkas
  6 ball pythons
  2 bats (D:1)
  2 frilled lizards
  8 goblins
  8 rats
84 creatures vanquished.

Notes
Turn   | Place    | Note
-------+----------+-------------------------------------------
     0 | D:1      | Twinkles the Vampire Warper began the quest for the Orb.
     0 | D:1      | Reached XP level 1. HP: 16/16 MP: 3/3
   100 | D:1      | Reached XP level 2. HP: 18/22 MP: 5/5
   215 | D:1      | Found a faded altar of an unknown god.
   226 | D:1      | Prayed at the altar of an unknown god.
   226 | D:1      | Became a worshipper of the Wu Jian Council
   226 | D:1      | Reached * piety under Wu Jian
   695 | D:2      | HP: 6/22 [adder (3)]
   699 | D:2      | Reached skill level 1 in Stealth
   699 | D:2      | Gained mutation: You are afflicted with vampirism and can
                  | become a bat while bloodless. [Vampire growth]
   699 | D:2      | Reached XP level 3. HP: 23/28 MP: 6/6
   951 | D:2      | Found Mais's Antique Weapon Emporium.
  1516 | D:3      | Learned a level 2 spell: Blink
  1519 | D:3      | Learned a level 2 spell: Lesser Beckoning
  1694 | D:3      | Reached ** piety under Wu Jian
  1695 | D:3      | Reached XP level 4. HP: 34/34 MP: 7/7
  1844 | D:3      | Got Gitoytso's Writings on Misery
  2169 | D:4      | Noticed a scorpion
  2180 | D:4      | Killed a scorpion
  2181 | D:4      | Reached XP level 5. HP: 26/41 MP: 8/8
  2269 | D:4      | HP: 14/41 [orc priest/+0 morningstar (8)]
  2434 | D:4      | Found Zovun's Overcharged Wands.
  2540 | D:4      | Found a shimmering blue altar of Sif Muna.
  2686 | D:4      | Reached XP level 6. HP: 47/47 MP: 9/9
  2746 | D:4      | Found a blossoming altar of Fedhas.
  2766 | D:5      | Entered Level 5 of the Dungeon
  2766 | D:5      | Noticed Fractals's ghost (novice DsNe)
  2766 | D:5      | Found a runed translucent gate.
  2766 | D:5      | Found a runed translucent gate.
  2766 | D:5      | Found a runed translucent gate.
  3193 | D:5      | Noticed a +0 hand axe
  3194 | D:5      | Noticed a +0 hand axe
  3199 | D:5      | Found a hide-covered altar of Uskayaw.
  3219 | D:5      | Reached skill level 5 in Stealth
  3262 | D:5      | Reached XP level 7. HP: 53/53 MP: 10/10
  3578 | D:6      | Reached skill level 5 in Dodging
  3677 | D:6      | Reached skill level 5 in Short Blades
  3705 | D:6      | Noticed a two-headed ogre
  3738 | D:6      | Slain by a two-headed ogre

Illustrated notes

Levels and vault maps discovered:
D:1:      matt_arrival_grand_opening, layout_basic,
          ebering_ecumenical_altar_ruins, minivault_4, nicolae_wormholes
D:2:      layout_basic, serial_shops, nicolae_shop_waterfront
D:3:      layout_basic, minmay_cupped
D:4:      layout_basic, fedhas_altar_3, mainiacjoe_overflow_brackets,
          nicolae_shop_overcharged_wands
D:5:      layout_cave_pools, dancing_weapons_uskayaw,
          mainiacjoe_overflow_catwalk, gammafunk_ghost_nasty_kobolds,
          hangedman_decor_slide_cut
D:6:      layout_loops_ring, minmay_overflow_temple_star_hex,
          minmay_temple_entry_arrows, biasface_ghost_orc_armoury,
          nicolae_figureground_pulse, uniq_duvessa

Skill      XL: |  1  2  3  4  5  6  7 |
---------------+----------------------+-----
Fighting       | 2 3 4 |  4.1
Stealth        | 1 2 3 4 5 |  5.9
Dodging        | 3 4 5 |  5.0
Short Blades   | 3 4 5 |  5.0
Throwing       | |  0.7
Armour         | |  0.7
Spellcasting   | |  2.0
Translocations | |  2.4

Action                     |  1- 3 |  4- 6 |  7- 9 || total
---------------------------+-------+-------+-------++-------
  Melee: Short sword       |   156 |       |       ||   156
         Punch             |     4 |     1 |     1 ||     6
         Bite              |    14 |    26 |     6 ||    46
         Dagger            |    19 |   143 |    38 ||   200
   Fire: Sling             |     9 |       |       ||     9
  Throw: Boomerang         |       |     4 |       ||     4
         Dart              |       |       |     6 ||     6
   Cast: Blink             |       |       |     1 ||     1
Ability: Lunge             |    14 |    14 |     5 ||    33
         Whirlwind         |     1 |       |       ||     1
    Use: Potion            |     1 |       |       ||     1
         Scroll            |     2 |       |       ||     2
   Stab: Sleeping          |     3 |     7 |     1 ||    11
 Armour: Leather armour    |    39 |    14 |     2 ||    55
  Dodge: Dodged            |    93 |    55 |    13 ||   161
